AoeStats
← VL nightsyrc

Black Forest

509807851Analyzed
4v4 RM · 3d ago on Sep 28, 2026· 85m 50s· 8 players
Game mode
Random Map
Map size
Large (8 player)
Population
200
Speed
Normal
Resources
Standard
Victory
Conquest
Starting age
Dark Age
Ending age
Imperial Age
RankedLock teamsTeams togetherTeam positionsShared explorationLock speedFull tech treeHidden civsTurbo modeCheats
Victory
Defeat
1532
+4
🇲🇽 Byzantines · Mexico
1201
+13
🇲🇽 Aztecs · Mexico
1129
+16
🇲🇽 Celts · Mexico
997
+21
🇲🇽 Huns · Mexico
1214
-17
🇦🇷 Khmer · Argentina
1178
-31
🇺🇸 Japanese · United States
1127
-12
🇦🇺 Mongols · Australia
1108
-11
iamjackscolon
0:30 Loom
12:38 Feudal Age
14:09 Double-Bit Axe
13:59 Man-at-Arms
19:27 Fletching
21:57 Horse Collar
22:59 Wheelbarrow
25:49 Castle Age
25:38 Fishing Lines
25:54 Gold Mining
25:56 Stone Mining
26:10 Pikeman
26:53 Squires
26:39 Arson
26:57 Scale Mail Armor
27:14 Bow Saw
27:41 Heavy Plow
30:31 Gillnets
33:49 Hand Cart
38:01 Imperial Age
37:02 Chain Mail Armor
36:57 Forging
36:55 Bodkin Arrow
38:19 Scale Barding Armor
39:56 Onager
40:46 Elite Samurai
41:47 Conscription
41:30 Bracer
42:02 Plate Mail Armor
42:07 Iron Casting
48:54 Onager
52:18 Iron Casting
51:44 Padded Archer Armor
52:14 Chain Barding Armor
54:09 Elite Skirmisher
54:54 Thumb Ring
55:16 Parthian Tactics
56:45 Two-Man Saw
57:03 Blast Furnace
57:10 Leather Archer Armor
57:31 Caravan
59:15 Chemistry
59:38 Ballistics
59:48 Halberdier
61:01 Ring Archer Armor
60:41 Heavy Cavalry Archer
61:44 Long Swordsman
62:10 Gambesons
62:46 Two-Handed Swordsman
63:28 Murder Holes
63:43 Masonry
63:15 Treadmill Crane
63:06 Capped Ram
65:57 Bloodlines
65:47 Husbandry
69:10 Champion
QUE PASO NEGRO
2:50 Loom
3:55 Loom
10:45 Feudal Age
elsinmanoss
10:49 Feudal Age
15:14 Castle Age
20:25 Double-Bit Axe
26:00 Loom
28:12 Horse Collar
28:53 Bow Saw
30:41 Wheelbarrow
33:37 Imperial Age
31:41 Gold Mining
32:26 Fortified Wall
35:32 Chemistry
34:55 Husbandry
35:09 Bloodlines
35:06 Stone Mining
35:52 Gold Shaft Mining
35:38 Fletching
36:01 Heavy Plow
35:35 Light Cavalry
36:50 Masonry
36:52 Scale Barding Armor
37:01 Forging
38:18 Iron Casting
38:35 Chain Barding Armor
38:45 Conscription
38:26 Elite Ballista Elephant
40:20 Blast Furnace
41:25 Hussar
42:44 Plate Barding Armor
48:50 Hand Cart
53:09 Bodkin Arrow
53:07 Town Watch
67:26 Ballistics
67:40 Architecture
67:31 Ballistics
Jimi
7:38 Loom
9:53 Feudal Age
11:10 Double-Bit Axe
15:16 Castle Age
16:49 Bow Saw
18:05 Fishing Lines
21:11 Horse Collar
27:04 Fletching
28:05 Heavy Plow
28:49 Gold Mining
30:44 Wheelbarrow
31:34 Gillnets
34:48 Imperial Age
32:36 Bodkin Arrow
33:07 Ballistics
34:31 Bloodlines
34:21 Husbandry
35:18 Gold Shaft Mining
36:16 Conscription
36:39 Bracer
36:40 Padded Archer Armor
37:45 Chemistry
36:52 Siege Engineers
39:16 Leather Archer Armor
41:01 Stone Mining
41:15 Onager
42:42 Drill
42:59 Hoardings
42:31 Siege Onager
45:43 Elite Steppe Lancer
46:31 Scale Barding Armor
46:36 Forging
47:45 Chain Barding Armor
49:41 Forging
53:39 Iron Casting
54:30 Hand Cart
54:00 Town Watch
55:12 Murder Holes
55:28 Masonry
63:46 Fortified Wall
67:14 Blast Furnace
65:56 Light Cavalry
68:04 Hussar
71:48 Caravan
71:28 Capped Ram
72:28 Siege Ram
VL La Parca (Red Paladin)
11:25 Feudal Age
13:07 Fishing Lines
15:37 Castle Age
13:40 Double-Bit Axe
16:47 Gillnets
17:26 Bow Saw
18:44 Scale Barding Armor
20:02 Chain Barding Armor
23:03 Loom
26:32 Wheelbarrow
29:46 Fervor
32:10 Imperial Age
32:02 Hand Cart
31:58 Fletching
32:08 Padded Archer Armor
33:44 Chemistry
33:05 Ballistics
32:36 Town Watch
33:22 Wagenburg Tactics
33:39 Conscription
32:43 Elite Hussite Wagon
33:40 Masonry
33:34 Bodkin Arrow
33:54 Leather Archer Armor
34:00 Caravan
34:30 Coinage
36:09 Two-Man Saw
35:35 Houfnice
38:03 Banking
37:44 Guilds
43:33 Siege Engineers
43:59 Architecture
43:25 Murder Holes
43:41 Fortified Wall
45:22 Forging
44:34 Light Cavalry
45:15 Husbandry
45:13 Cavalier
45:56 Bracer
52:27 Hussite Reforms
53:06 Iron Casting
55:14 Blast Furnace
53:52 Sappers
55:27 Town Patrol
65:51 Horse Collar
68:12 Bombard Tower
VL nightsyrc
6:59 Loom
14:29 Feudal Age
15:10 Double-Bit Axe
18:22 Man-at-Arms
18:50 Arson
25:42 Castle Age
24:31 Horse Collar
34:28 Scale Mail Armor
34:38 Forging
34:31 Town Watch
40:15 Chain Mail Armor
40:36 Iron Casting
42:01 Pikeman
46:03 Long Swordsman
46:29 Gambesons
47:28 Heavy Plow
63:24 Bow Saw
69:07 Caravan
71:06 Gold Mining
71:08 Stone Mining
71:58 Wheelbarrow
78:37 Hand Cart
78:24 Town Patrol
78:45 Masonry
78:46 Fortified Wall
Gerald Genta
0:36 Loom
18:46 Feudal Age
23:22 Double-Bit Axe
26:19 Scale Mail Armor
29:27 Forging
33:10 Castle Age
32:21 Gold Mining
34:10 Wheelbarrow
35:47 Bow Saw
44:14 Imperial Age
43:28 Iron Casting
42:58 Scale Barding Armor
44:32 Fletching
45:41 Chain Barding Armor
46:06 Conscription
47:28 Cavalier
48:09 Husbandry
48:45 Plate Barding Armor
48:31 Paladin
49:38 Horse Collar
51:19 Gold Shaft Mining
50:35 Stone Mining
51:05 Bodkin Arrow
50:51 Heavy Camel Rider
52:12 Bracer
52:02 Capped Ram
57:01 Chemistry
55:34 Light Cavalry
56:45 Hussar
60:08 Heavy Plow
60:26 Hand Cart
64:55 Crop Rotation
69:14 Fortified Wall
74:23 Caravan
VL HippieBien
10:34 Feudal Age
10:41 Man-at-Arms
11:37 Arson
17:02 Loom
17:05 Town Watch
19:57 Wheelbarrow
21:27 Double-Bit Axe
21:23 Horse Collar
22:09 Forging
26:32 Castle Age
24:41 Gold Mining
25:34 Scale Mail Armor
27:31 Bow Saw
27:45 Eagle Warrior
28:42 Chain Mail Armor
29:23 Hand Cart
31:22 Squires
32:00 Iron Casting
31:19 Fletching
31:56 Fervor
33:18 Pikeman
37:37 Atlatl
37:39 Bodkin Arrow
37:44 Padded Archer Armor
38:29 Heavy Plow
39:08 Gold Shaft Mining
41:34 Imperial Age
39:21 Elite Skirmisher
40:18 Leather Archer Armor
40:12 Town Patrol
42:20 Bracer
42:43 Conscription
45:48 Ballistics
46:18 Gambesons
47:34 Stone Mining
50:25 Plate Mail Armor
50:56 Blast Furnace
55:33 Siege Engineers
56:20 Onager
58:49 Garland Wars
60:09 Block Printing
61:18 Crop Rotation
64:05 Stone Shaft Mining
65:44 Blast Furnace
66:57 Chemistry
65:39 Treadmill Crane
67:02 Chemistry
65:59 Murder Holes
65:54 Capped Ram
68:22 Elite Eagle Warrior
69:35 Atlatl
71:57 Caravan
74:49 Elite Jaguar Warrior
79:32 Coinage
Connection lost

Rejoining the realm…

Still unreachable

The connection could not be restored.

Session expired

The server has moved on; the page needs a fresh start.